 Dungeon Crawl Stone Soup version 0.27.0 (webtiles) character file.

Game seed: 15709457835024557937

39 emm the Chopper (level 3, 0/28 HPs)
             Began as a Demonspawn Gladiator on July 31, 2021.
             Slain by Terence (2 damage)
             ... on level 2 of the Dungeon.
             The game lasted 00:01:29 (982 turns).

emm the Chopper (Demonspawn Gladiator)               Turns: 982, Time: 00:01:29

Health: 0/28       AC:  4    Str: 14    XL:     3   Next: 26%
Magic:  3/3        EV: 12    Int:  9    God:
Gold:   23         SH:  0    Dex: 15    Spells: 2/2 levels left

rFire    . . .     SeeInvis .   a - +0 war axe
rCold    . . .     Faith    .   (no shield)
rNeg     . . .     Spirit   .   b - +0 leather armour
rPois    .         Reflect  .   c - +0 helmet
rElec    .         Harm     .   (no cloak)
rCorr    .         Rampage  .   (no gloves)
Will     .....                  (no boots)
Stlth    +.........             (no amulet)
HPRegen  0.09/turn              (no ring)
MPRegen  0.08/turn              (no ring)

@: no status effects
A: spiny 1
a: no special abilities


You were on level 2 of the Dungeon.
You visited 1 branch of the dungeon, and saw 2 of its levels.

You collected 23 gold pieces.

Inventory:

Hand Weapons
 a - a +0 war axe (weapon)
Missiles
 d - 3 throwing nets (quivered)
Armour
 b - a +0 leather armour (worn)
 c - a +0 helmet (worn)
Scrolls
 e - a scroll of summoning {unknown}
 f - 2 scrolls of amnesia {unknown}
Potions
 g - a potion of attraction {unknown}
 h - a potion of lignification {unknown}


   Skills:
 + Level 2.5 Fighting
 + Level 3.4 Axes
 + Level 1.8 Throwing
 + Level 0.1 Armour
 + Level 2.9 Dodging


You had 2 spell levels left.
You didn't know any spells.
Your spell library was empty.

Dungeon Overview and Level Annotations

Branches:
Dungeon (2/15)

Altars:

Annotations:
D:2 Terence


Innate Abilities, Weirdness & Mutations

You are partially covered in sharp spines.


Message History

You climb downwards.
There is a stone staircase leading up here.
Found a ring mail.
Found a trident.
An endoplasm comes into view.
An endoplasm is nearby!
The endoplasm quivers.
The endoplasm jiggles.
Terence the Incautious comes into view.
He is wielding a +2 vorpal hand axe.
Terence shouts!
Terence hits you but does no damage.
The endoplasm hits you but does no damage.
You hit the endoplasm.
The endoplasm is moderately wounded.
You hit Terence but do no damage. Terence barely misses you.
The endoplasm freezes you.
You are frozen.
Terence hits you with a +2 vorpal hand axe.
You hit Terence but do no damage. You hit the endoplasm.
The endoplasm closely misses you. Terence is struck by your spines.
Terence closely misses you.
You closely miss Terence.
Terence is lightly wounded.
You hit the endoplasm.
You kill the endoplasm!
Terence hits you with a +2 vorpal hand axe.
You slash Terence!
Terence is severely wounded.
Terence barely misses you.
Terence hits you with a +2 vorpal hand axe.
You hit Terence but do no damage.
Terence is severely wounded.
Terence is struck by your spines.
Terence hits you with a +2 vorpal hand axe.
* * * LOW HITPOINT WARNING * * *
You closely miss Terence.
Terence is severely wounded.
Terence hits you with a +2 vorpal hand axe!
* * * LOW HITPOINT WARNING * * *
You die...

#......#.......####.#
.....#.##...##....##...
.....#.
#....##^..###.... ...
...##.....##....#...##
..
.............##.#...# .
...##....#.#..........
...#
#......$...........
#####...........
#####..@.#...
.......@..# #####.....#
.........# #####....#
######


You could see Terence.

Vanquished Creatures
  5 bats (D:1)
  6 endoplasms
  2 giant cockroaches (D:1)
  A hobgoblin (D:1)
  8 jackals (D:1)
  A ball python (D:1)
  A frilled lizard (D:1)
  4 goblins (D:1)
  2 kobolds (D:1)
  2 rats (D:1)
32 creatures vanquished.

Notes
Turn   | Place    | Note
-------+----------+-------------------------------------------
     0 | D:1      | emm the Demonspawn Gladiator began the quest for the Orb.
     0 | D:1      | Reached XP level 1. HP: 16/16 MP: 1/1
   365 | D:1      | Gained mutation: You are partially covered in sharp spines.
                  | [demonic ancestry]
   365 | D:1      | Reached XP level 2. HP: 23/23 MP: 2/2
   480 | D:1      | Reached skill level 3 in Axes
   643 | D:1      | Reached XP level 3. HP: 23/28 MP: 3/3
   973 | D:2      | Noticed Terence
   982 | D:2      | Slain by Terence

Illustrated notes

Levels and vault maps discovered:
D:1:      lemuel_arrival_broad_hall, layout_basic
D:2:      layout_rooms, basic_altar, serial_shops, nicolae_shop_stone,
          minmay_misc_feat_nine_boxes, st_stairs_8, uniq_robin, uniq_terence

Skill      XL: |  1  2 |
---------------+-------+-----
Axes           | 3 |  3.4
Fighting       | |  2.5
Throwing       | |  1.8
Armour         | |  0.1
Dodging        | |  2.9

Action                   || total
-------------------------++-------
Melee: War axe           ||    63
Armor: Leather armour    ||    34
Dodge: Dodged            ||    65
